 Dungeon Crawl Stone Soup version 0.14.0-26-g1682e81 (webtiles) character file.

522203 Indrah22 the Warrior (level 25, -5/265 (267) HPs)
             Began as an Ogre Assassin on Apr 22, 2014.
             Was a Believer of Fedhas.
             Killed from afar by an iron dragon (35 damage)
             ... with a spray of metal splinters
             ... on Level 5 of the Vaults on Apr 27, 2014.
             The game lasted 16:24:35 (94437 turns).

Indrah22 the Warrior (Ogre Assassin)               Turns: 94437, Time: 16:24:35

HP  -5/265 (267) AC 16     Str 30      XL: 25   Next: 70%
MP  33/41        EV 22     Int 28      God: Fedhas [**....]
Gold 6384        SH 45     Dex 14      Spells: 12 memorised,  7 levels left

rFire  + . .     SeeInvis +     w - +7,+9 demon whip (venom)
rCold  + . .     Clarity  .     B - +3 troll leather armour of Vablyere {Dex+3 Dam+4 Stlth}
rNeg   + . .     Conserve +     U - +3 large shield {reflect}
rPois  .         rCorr    .     u - +2 hat {Int+3}
rElec  .         rRot     .     c - +5 cloak "Fawenlue" {Int+2 Dam+5}
SustAb . .       Spirit   .     (gloves unavailable)
rMut   .         Warding  .     (boots unavailable)
Saprov + . .     Stasis   .     y - amulet of conservation
MR     ++...                    Y - ring "Ghoev" {Str+5 Int+5 SInv}
                                G - ring "Uceesch" {+Blink rF+ rC+ rN+ Int+2}

@: phasing, drained, very resistant to hostile enchantments, quite stealthy
A: unfitting armour, fast metabolism 1, saprovore 1, tough skin 1
a: Evolution, Sunlight, Renounce Religion, Evoke Blink
}: 2/15 runes: decaying, serpentine


You were on level 5 of the Vaults.
You worshipped Fedhas.
Fedhas was pleased with you.
You were not hungry.

You visited 10 branches of the dungeon, and saw 54 of its levels.
You visited the Abyss 1 time.
You visited 1 bazaar.
You also visited: Labyrinth, Trove, Ossuary, Bailey and Wizlab.

You collected 7280 gold pieces.
You spent 896 gold pieces at shops.

Inventory:

Hand weapons
 d - the +5,+3 morningstar "Imusuomn" {holy, rElec rN+ Dex+1 SInv}
   (You found it on level 14 of the Dungeon)

   It has been blessed by the Shining One to cause great damage to the undead
   and demons.
   It affects your dexterity (+1).
   It insulates you from electricity.
   It protects you from negative energy.
   It enhances your eyesight.
 q - the +4 blowgun of Ruataff {speed, +Blink}
   (You found it on level 3 of the Swamp)

   Attacks with this weapon are significantly faster.
   It lets you blink.
 w - a +7,+9 demon whip of venom (weapon)
 P - the +6,+10 giant spiked club of the Blowfly {elec, rN+}
   (You acquired it on level 5 of the Snake Pit)

   Occasionally, upon striking a foe, it will discharge some electrical energy
   and cause terrible harm.
   It protects you from negative energy.
Missiles
 a - 19 curare-tipped needles
 s - 12 needles of confusion
 x - 7 needles of paralysis
 I - 3 javelins
 X - 5 large rocks (quivered)
Armour
 c - the +5 cloak "Fawenlue" (worn) {Int+2 Dam+5}
   (You found it in a treasure trove)

   It affects your intelligence (+2).
   It affects your damage with ranged weapons and melee attacks (+5).
 u - a +2 hat of intelligence (worn)
 B - the +3 troll leather armour of Vablyere (worn) {Dex+3 Dam+4 Stlth}
   (You found it in a treasure trove)

   It affects your dexterity (+3).
   It affects your damage with ranged weapons and melee attacks (+4).
   It makes you more stealthy.
 U - a +3 large shield of reflection (worn)
Magical devices
 f - a wand of cold (6)
 n - a wand of disintegration (6)
 t - a wand of teleportation (3)
 C - a wand of digging (10)
 J - a wand of heal wounds (5)
 O - a wand of draining (5)
 R - a wand of fireball (2)
Comestibles
 o - 4 meat rations
 Z - 12 sultanas
Scrolls
 b - 3 scrolls of magic mapping
 m - 6 scrolls of fog
 F - a scroll of teleportation
 M - 6 scrolls of remove curse
 N - a scroll of silence
 V - 3 scrolls of vulnerability
Jewellery
 g - the ring "Arrucaus" {+Inv rC+ MR+ SInv}
   (You found it in a wizard's laboratory)

   [ring of see invisible]

   It protects you from cold.
   It affects your resistance to hostile enchantments.
   It lets you turn invisible.
 y - an amulet of conservation (around neck)
 G - the ring "Uceesch" (left hand) {+Blink rF+ rC+ rN+ Int+2}
   (You found it on level 5 of the Crypt)

   [ring of positive energy]

   It affects your intelligence (+2).
   It protects you from fire.
   It protects you from cold.
   It lets you blink.
 Y - the ring "Ghoev" (right hand) {Str+5 Int+5 SInv}
   (You found it in a wizard's laboratory)

   [ring of see invisible]

   It affects your strength (+5).
   It affects your intelligence (+5).
Potions
 k - 3 potions of lignification
 l - 2 potions of berserk rage
 z - a potion of curing
 D - 2 potions of flight
 H - 2 potions of resistance
Miscellaneous
 h - a disc of storms
 K - a sack of spiders {used: 1}
Rods
 e - a +7 lightning rod (14/14)
   (You found it in a labyrinth)
 r - a +3 rod of clouds (1/13)
   (You found it in a labyrinth)


   Skills:
 + Level 18.8(17.2) Fighting
 - Level 16.0(14.5) Maces & Flails
 - Level 10.3(9.0) Throwing
 + Level 10.7(9.4) Dodging
 - Level 12.9(11.5) Stealth
 - Level 15.2(13.7) Shields
 - Level 13.0(11.6) Spellcasting
 + Level 13.1(11.7) Hexes
 - Level 4.2(3.1) Charms
 - Level 5.0(3.9) Summonings
 - Level 7.3(6.1) Translocations
 - Level 8.2(7.0) Air Magic
 + Level 14.2(12.8) Invocations
 + Level 14.8(13.4) Evocations


You had 7 spell levels left.
You knew the following spells:

 Your Spells              Type           Power        Failure   Level  Hunger
a - Confuse               Hex            ######..     1%          3    None
b - Enslavement           Hex            ######..     1%          4    None
c - Blink                 Tloc           N/A          1%          2    None
d - Swiftness             Chrm/Air       #####...     1%          2    None
e - Portal Projectile     Tloc           ######       1%          3    None
f - Repel Missiles        Chrm/Air       #####.       1%          2    None
g - Shroud of Golubria    Chrm/Tloc      #####.....   1%          2    None
h - Phase Shift           Tloc           ######....   10%         5    ##.....
i - Mass Confusion        Hex            ######....   4%          6    #####..
j - Summon Guardian Gole  Hex/Summ       ######..     1%          4    None
k - Silence               Hex/Air        ######....   1%          5    ##.....
l - Metabolic Englaciati  Hex/Ice        #####.....   12%         5    ##.....


Dungeon Overview and Level Annotations

Branches:
Dungeon (15/15)            Temple (1/1) D:5             Orc (4/4) D:10
    Elf (3/3) Orc:4          Lair (8/8) D:9           Swamp (5/5) Lair:5
  Snake (5/5) Lair:3        Slime (0/6) Lair:8       Vaults (5/5) D:13
  Blade (0/1) Vaults:4      Crypt (5/5) Vaults:3       Tomb (0/3) Crypt:3
 Depths (3/5) D:15

Altars:
Ashenzari
Cheibriados
Dithmenos
Elyvilon
Fedhas
Kikubaaqudgha
Makhleb
Nemelex Xobeh
Okawaru
Sif Muna
Trog
Vehumet
Xom
Yredelemnul
Zin
The Shining One
Beogh

Shops:
D:12 ((   D:13 !   D:14 }   D:15 *   Orc:2 [   Orc:4 [}}!   Elf:1 (   Elf:3 [
Snake:4 (   Vaults:1 }   Vaults:2 (

Portals:
Hell: Depths:1 Depths:2 Depths:3
Pandemonium: Depths:3
Ziggurat: Depths:3

Annotations:
Vaults:5 exclusion: 2 hyperactive ballistomycetes


Innate Abilities, Weirdness & Mutations

You are too large for most types of armour.
You have a fast metabolism.
You can tolerate rotten meat.
You have tough skin (AC +1).


Message History

The fire giant burns you!
* * * LOW HITPOINT WARNING * * *
The shadow dragon is engulfed in freezing vapours.
The shadow dragon breathes negative energy at you.
The bolt of negative energy hits you! You partially resist.
You feel drained.
* * * LOW HITPOINT WARNING * * *
The yaktaur is engulfed in freezing vapours.
The iron troll is engulfed in freezing vapours.
You block the iron troll's attack. The iron troll claws you!
* * * LOW HITPOINT WARNING * * *
The iron troll closely misses you.
The shadow dragon is engulfed in freezing vapours.
You momentarily phase out as the shadow dragon's attack passes through you. x2
The shadow dragon claws you but does no damage.
Your wandering mushroom hits the shadow dragon but does no damage.
The iron dragon is engulfed in roaring flames.
The iron dragon breathes metal splinters at you.
The spray of metal splinters hits you!
You die...
Fedhas appreciates your contribution to the ecosystem.

...# #....# . #....# ...
...#....# #...
....#....###...
....#........#
.......f.....#
####..)§Hf....###########
.......C@D@...(≈...)T.[..
......§§DTD§c([≈..[......[
.....§§§§<§§§§..≈.[..(....
.....§§§§)§§§§.....[..)..[
#####.§§...§§#############
.......§.............
.#...#....#..#......
.....#....#..# .... .#..
#)...#... ..


You could see 2 shadow dragons, an iron dragon, a fire giant, an iron troll, a
tengu reaver, a vault guard, a yaktaur and 2 friendly wandering mushrooms.

Vanquished Creatures
  An ancient lich (Crypt:5)
  Margery (Vaults:3)
  Mara (Depths:2)
  4 bone dragons
  Xtahua (Crypt:2)
  Frederick (Vaults:3)
  A tentacled monstrosity (Vaults:5)
  Asterion (Snake:5)
  Vashnia (Snake:3)
  A Cloud Mage (WizLab)
  A deep elf blademaster (Elf:3)
  4 deep elf master archers (Elf:3)
  2 liches
  A quicksilver dragon (Vaults:5)
  A titan (Vaults:5)
  A sphinx (shapeshifter) (Crypt:1)
  Rupert (Lair:6)
  Agnes (Swamp:1)
  A sphinx (Vaults:3)
  Kirke (Snake:3)
  3 ancient champions
  A shadow dragon (Depths:2)
  A tengu reaver (Vaults:2)
  A spectral weapon (Snake:5)
  6 revenants
  Roxanne (Snake:2)
  6 greater nagas
  6 deep elf sorcerers
  3 ghouls (Crypt:3)
  The ghost of hurdos the Severer, a powerful HOBe of Trog (Elf:3)
  Donald (Snake:5)
  Wiglaf (Vaults:1)
  6 frost giants
  An orc warlord (Orc:4)
  Aizul (Snake:3)
  Louise (Snake:3)
  14 vault wardens
  3 emperor scorpions
  7 fire giants
  4 war gargoyles (Crypt:5)
  Jorgrun (Vaults:3)
  A reaper (Crypt:1)
  12 rakshasas
  4 deep elf demonologists (Elf:3)
  13 stone giants
  6 vampire knights
  8 deep elf annihilators (Elf:3)
  A curse skull (Crypt:2)
  7 dire elephants
  2 unborn
  2 large abominations
  6 eidola
  7 ettins
  14 jiangshi
  6 deep elf death magi
  7 dancing weapons
  3 crystal guardians (Crypt:5)
  33 vault guards
  A mummy priest (Elf:2)
  2 minotaurs
  13 fire dragons
  9 yaktaur captains
  2 green deaths
  13 ironheart preservers
  A fire crab (Vaults:2)
  2 deep elf high priests (Elf:3)
  A great orb of eyes (Vaults:3)
  2 ravenous feature mimics
  6 ice dragons
  11 naga warriors
  3 shambling mangroves
  10 ogre magi
  3 spriggan air magi
  Erica (Lair:6)
  A deep dwarf death knight (Crypt:1)
  9 anacondas
  24 hydras
  A satyr (shapeshifter) (Vaults:3)
  A ravenous item mimic (Crypt:5)
  A spectral fire giant (Crypt:2)
  5 deep troll shamans
  12 alligators
  4 spectral elves
  10 shock serpents
  2 plague shamblers
  A thrashing horror (Abyss:1)
  A hyperactive ballistomycete (Vaults:5)
  6 vampire magi
  5 deep troll earth magi
  7 death yaks
  2 titan zombies
  A soul eater (Crypt:1)
  3 orc high priests
  21 naga sharpshooters
  A spriggan berserker (Depths:2)
  19 hell knights
  The ghost of 5ubbak the Tainter, an experienced OpVM of Fedhas (D:10)
  9 centaur warriors
  3 catoblepae
  14 deep elf knights
  3 salamander mystics (Snake:4)
  A wretched star (Abyss:1)
  2 titan skeletons
  59 skeletal warriors
  A very ugly thing (Vaults:1)
  6 shadow wraiths
  Erolcha (Orc:1)
  2 wizards (D:13)
  5 unseen horrors
  7 spriggan druids
  11 ironbrand convokers
  An unseen horror (shapeshifter) (Depths:2)
  A ghost moth zombie (Crypt:5)
  19 deep trolls
  8 iron trolls
  6 swamp dragons
  4 hill giants
  5 naga ritualists
  An orb spider (shapeshifter) (Vaults:4)
  A giant orange brain (Depths:2)
  42 black mambas
  4 deep elf summoners
  9 flayed ghosts
  Joseph (D:10)
  11 orc knights
  6 griffons
  14 necromancers
  9 deep elf conjurers
  A harpy (shapeshifter) (Vaults:3)
  7 phantasmal warriors
  A frost giant zombie (Crypt:5)
  3 manticores
  5 harpies
  8 cyclopes
  2 shadow dragon skeletons
  4 sixfirhies
  2 wandering mushrooms
  21 salamanders
  8 wolf spiders
  7 mana vipers
  8 red wasps
  5 flaming corpses
  10 orc sorcerers
  5 elephants
  A dire elephant zombie (Crypt:1)
  2 iron dragon skeletons
  2 frost giant skeletons (Crypt:5)
  5 guardian serpents
  2 black mambas (shapeshifter)
  3 small abominations
  7 vault sentinels
  4 gargoyles
  24 naga magi
  4 orange demons
  25 spiny frogs
  Psyche (D:10)
  8 vapours (WizLab)
  3 smoke demons
  2 spectral humans
  A storm dragon simulacrum (Crypt:3)
  A dire elephant skeleton (Crypt:1)
  47 yaktaurs
  A demonic crawler (Crypt:1)
  3 kobold demonologists
  A hellwing (Elf:3)
  2 silent spectres
  4 red devils (D:13)
  A tengu conjurer (D:14)
  A white draconian skeleton (Crypt:1)
  A death yak skeleton (Crypt:4)
  A fire drake (shapeshifter) (Vaults:1)
  A fire drake (Lair:8)
  2 iron devils
  13 freezing wraiths
  12 giant fireflies
  A blue devil (Vaults:5)
  A pale draconian skeleton (Crypt:4)
  A catoblepas zombie (Crypt:2)
  13 deep elf priests
  13 two-headed ogres
  10 giant leeches
  A jumping spider (Vaults:4)
  Sonja (D:10)
  6 komodo dragons
  8 blink frogs
  9 boggarts
  2 wind drakes (shapeshifter)
  A shadow dragon simulacrum (Crypt:1)
  An iron dragon simulacrum (Crypt:2)
  A catoblepas skeleton (Crypt:5)
  5 trolls
  9 bog bodies
  A guardian serpent zombie (Crypt:1)
  A jumping spider zombie (Crypt:4)
  58 slime creatures
  11 ravens
  An alligator zombie (Crypt:1)
  5 baby alligators
  2 ice dragon zombies
  An ettin zombie (Crypt:4)
  3 fire dragon zombies
  2 boulder beetles
  2 hydra skeletons
  2 ice dragon skeletons
  2 sharks
  31 flying skulls
  11 shadows
  An ettin skeleton (Crypt:1)
  A very ugly thing skeleton (Crypt:3)
  12 redbacks
  18 spriggans
  An alligator skeleton (Crypt:4)
  A basilisk (Lair:4)
  21 deep elf magi
  A human simulacrum (Vaults:3)
  A fire dragon skeleton (Crypt:3)
  A grizzly bear (Lair:5)
  7 vampires
  15 wraiths
  4 wyverns
  A golden eye (shapeshifter) (Vaults:1)
  7 hippogriffs
  3 hogs (Snake:3)
  An elephant slug (Lair:6)
  2 hill giant zombies
  44 yaks
  36 air elementals
  20 deep elf fighters
  15 humans (D:13)
  7 hungry ghosts
  2 tarantellas
  A wind drake skeleton (Crypt:2)
  31 vampire mosquitoes
  33 ugly things
  A steam dragon (Lair:5)
  A hill giant skeleton (D:11)
  12 wolves
  A tengu zombie (D:11)
  23 swamp worms
  A torturous demonspawn zombie (Crypt:3)
  An ugly thing skeleton (D:15)
  A chaos spawn (Crypt:1)
  64 nagas
  An iron troll simulacrum (Vaults:3)
  44 water moccasins
  A mottled dragon (Vaults:1)
  A raven zombie (Crypt:1)
  A water moccasin (shapeshifter) (Depths:1)
  2 soldier ants
  5 necrophages
  47 orc warriors
  6 porcupines
  10 wargs
  9 swamp drakes
  2 slaves (D:7)
  3 spiders (Lair:8)
  A snapping turtle zombie (Crypt:2)
  A giant goldfish (Swamp:2)
  A lindwurm zombie (Crypt:1)
  4 yellow wasps
  3 sky beasts
  A black bear (D:7)
  A fire dragon simulacrum (Crypt:1)
  2 ice beasts
  2 spiny frog skeletons
  2 boring beetles
  15 centaurs
  A mermaid skeleton (Crypt:4)
  45 ogres
  3 lost souls
  2 manticore skeletons
  A swamp dragon skeleton (Crypt:1)
  16 crocodiles
  7 phantoms
  A fire drake zombie (Crypt:3)
  Sigmund (D:2)
  A blink frog skeleton (Crypt:2)
  3 elf zombies
  A brain worm (D:12)
  6 giant slugs
  A dryad zombie (Crypt:3)
  A silver statue (Depths:1)
  20 giant frogs
  11 insubstantial wisps
  2 warg zombies (Orc:4)
  A chimera skeleton (Crypt:1)
  A cyclops skeleton (Crypt:2)
  3 scorpions
  2 eyes of draining
  2 giant goldfish zombies (D:4)
  A spriggan zombie (Depths:3)
  2 jellies (D:6)
  3 killer bees (D:11)
  A grizzly bear skeleton (Crypt:3)
  An electric eel (Lair:3)
  3 goliath beetles
  8 crimson imps
  2 giant frog zombies
  2 quasits
  A black bear zombie (Crypt:4)
  17 wights
  4 giant frog skeletons
  5 iron imps (Depths:1)
  5 big fish
  A giant slug simulacrum (D:15)
  2 gnoll shamans
  5 human zombies
  A centaur zombie (Crypt:3)
  11 hounds
  20 orc priests
  4 orange rats
  A porcupine zombie (Crypt:3)
  A two-headed ogre skeleton (Crypt:3)
  9 iguanas
  3 spectral orcs (Lair:6)
  52 orc wizards
  14 worker ants
  2 big kobold zombies
  A mottled dragon zombie (D:14)
  8 sheep
  Ijyb (D:3)
  A hound zombie (D:5)
  A necrophage skeleton (Crypt:5)
  Terence (D:3)
  2 hound skeletons
  5 mummies
  6 gnolls
  3 scorpion zombies
  14 orc zombies
  A worker ant zombie (D:5)
  35 adders
  An orc skeleton (D:8)
  2 shadow imps
  84 green rats
  A white imp (Depths:2)
  A giant mite (Lair:3)
  10 worms
  4 ufetubi
  An adder skeleton (D:9)
  An adder zombie (Ossuary)
  7 giant eyeballs
  10 giant geckos
  4 oozes
  174 orcs
  2 ball pythons
  A bat skeleton (D:5)
  A bat zombie (D:5)
  7 giant cockroaches
  28 goblins
  A green rat zombie (Crypt:2)
  19 hobgoblins
  15 quokkas
  A ball python zombie (Crypt:4)
  18 bats
  A giant gecko zombie (D:6)
  5 giant newts
  3 giant spores (Vaults:5)
  A hobgoblin zombie (Ossuary)
  28 jackals
  A jackal zombie (Ossuary)
  14 kobolds
  2 kobold skeletons (D:4)
  A kobold zombie (Ossuary)
  A lurking horror (Abyss:1)
  33 rats
  3 rat zombies
  3 ballistomycetes
  2 crawling corpses (Elf:3)
2650 creatures vanquished.

Vanquished Creatures (collateral kills)
  the Lernaean hydra (Swamp:5)
  Norris (Elf:3)
  A sphinx (Vaults:2)
  Maud (Lair:4)
  A stone giant (Vaults:1)
  A vampire knight (Crypt:5)
  A deep elf annihilator (Elf:3)
  A deep elf death mage (Crypt:4)
  A yaktaur captain (Depths:3)
  2 vault guards
  A fire dragon (Depths:2)
  4 hydras
  An anaconda (Snake:3)
  2 naga warriors (Snake:5)
  An alligator (Swamp:4)
  A shambling mangrove (Swamp:4)
  2 death yaks (Lair:3)
  An ogre mage (Vaults:1)
  3 naga sharpshooters
  A vampire mage (Elf:2)
  Nergalle (Lair:6)
  A deep elf knight (Vaults:1)
  A salamander mystic (Snake:5)
  The ghost of ciphuk the Spear-Bearer, an experienced MfDK of Yredelemnul (D:9)
  3 skeletal warriors
  3 swamp dragons (Swamp:5)
  5 deep trolls
  Pikel (D:7)
  A deep elf summoner (Elf:2)
  A harpy (Vaults:1)
  A griffon (Lair:4)
  An ironbrand convoker (Vaults:1)
  2 mana vipers
  A red wasp (Swamp:4)
  An octopode (shapeshifter) (D:9)
  A salamander (Snake:4)
  A wolf spider (Vaults:1)
  A guardian serpent (Snake:5)
  2 elephants (Lair:3)
  2 hyperactive ballistomycetes
  A spiny frog (Swamp:4)
  2 vault sentinels
  A naga mage (Snake:4)
  A black mamba (Snake:3)
  2 yaktaurs
  An orc warrior (D:13)
  A giant firefly (Swamp:5)
  A boggart (Vaults:2)
  A yellow wasp (Swamp:4)
  2 trolls
  13 slime creatures
  A two-headed ogre (Vaults:1)
  2 ravens
  A bog body (Swamp:5)
  A spriggan (Swamp:5)
  A black mamba skeleton (Crypt:5)
  A hog (Snake:3)
  A vampire mosquito (Swamp:5)
  2 deep elf magi (Elf:3)
  4 humans (D:13)
  13 nagas
  A swamp worm (Swamp:5)
  A wolf (Lair:1)
  2 water moccasins
  4 swamp drakes
  3 ogres (Vaults:1)
  A slave (D:7)
  A crocodile (Lair:1)
  4 wandering mushrooms
  A giant frog (Lair:6)
  An insubstantial wisp (Swamp:4)
  A wight (D:9)
  A goliath beetle (D:12)
  An orc priest (Orc:4)
  2 jellies
  A worker ant (D:12)
  A sheep (Lair:8)
  A necrophage skeleton (Crypt:5)
  3 adders
  An orange rat skeleton (Crypt:4)
  A shadow imp (D:11)
  A giant mite (Lair:2)
  6 orc zombies (Orc:4)
  16 orcs
  3 bats
  A giant gecko (Lair:3)
  3 giant spores
  A goblin (Elf:1)
  A rat (Lair:3)
  A ballistomycete (Vaults:5)
  5 toadstools
182 creatures vanquished.

Vanquished Creatures (others)
  A deep elf blademaster (Elf:3)
  A lich (Crypt:5)
  A thorn hunter (Swamp:3)
  An ironheart preserver (Vaults:4)
  A naga warrior (Snake:5)
  A swamp dragon (Swamp:4)
  2 deep elf conjurers
  A griffon (Vaults:2)
  11 hyperactive ballistomycetes
  3 black mambas (Snake:5)
  A naga mage (Snake:5)
  A jumping spider (Vaults:5)
  A harpy zombie (Crypt:4)
  8 guardian golems
  A spriggan (Depths:3)
  2 thorn lotuses
  A flying skull (Crypt:5)
  A redback (Vaults:5)
  A wraith (Vaults:1)
  A deep elf mage (Elf:3)
  A trapdoor spider (Vaults:5)
  A swamp worm (Swamp:2)
  8 nagas (Snake:5)
  4 necrophages
  A giant goldfish (Lair:8)
  An ogre (Vaults:5)
  5 lost souls
  An orc priest (Orc:4)
  An orc wizard (Orc:4)
  An orange rat (Elf:2)
  An adder (Lair:8)
  3 orcs (D:7)
  A jackal (Lair:3)
  A kobold (D:9)
  4 giant spores
  106 wandering mushrooms
  4 ballistomycetes
  A briar patch (Swamp:5)
  7 fungi
  7 plants
  1167 toadstools
1367 creatures vanquished.

Grand Total: 4199 creatures vanquished

Notes
Turn   | Place    | Note
--------------------------------------------------------------
     0 | D:1      | Indrah22, the Ogre Assassin, began the quest for the Orb.
     0 | D:1      | Reached XP level 1. HP: 22/22 MP: 1/1
   281 | D:1      | Reached XP level 2. HP: 15/29 MP: 2/2
   357 | D:1      | Reached skill level 1 in Dodging
   770 | D:2      | Reached XP level 3. HP: 27/36 MP: 3/3
  1243 | D:2      | Reached XP level 4. HP: 45/45 MP: 4/4
  1304 | D:2      | Reached skill level 4 in Maces & Flails
  1518 | D:2      | Found a blossoming altar of Fedhas.
  1542 | D:2      | Became a worshipper of Fedhas Madash
  1655 | D:2      | Noticed Sigmund
  1665 | D:2      | Killed Sigmund
  1665 | D:2      | Reached XP level 5. HP: 50/54 MP: 5/5
  2159 | D:3      | Found a bloodstained altar of Trog.
  2159 | D:3      | Found an iron altar of Okawaru.
  2160 | D:3      | Found a shattered altar of Ashenzari.
  2262 | D:3      | Reached skill level 5 in Maces & Flails
  2413 | D:3      | Reached XP level 6. HP: 51/63 MP: 6/6
  2501 | D:3      | Noticed Terence
  2523 | D:3      | Killed Terence
  2546 | D:3      | Noticed Ijyb
  2559 | D:3      | Killed Ijyb
  2775 | D:4      | Reached skill level 5 in Fighting
  2945 | D:4      | Reached XP level 7. HP: 72/72 MP: 7/7
  2960 | D:4      | Reached skill level 6 in Maces & Flails
  3081 | D:4      | Found a radiant altar of Vehumet.
  3291 | D:4      | Found a snail-covered altar of Cheibriados.
  3345 | D:4      | Found a basalt altar of Yredelemnul.
  3542 | D:5      | Entered Level 5 of the Dungeon
  3583 | D:5      | Acquired Fedhas' first power
  4206 | D:5      | Found a staircase to the Ecumenical Temple.
  4216 | Temple   | Entered the Ecumenical Temple
  4454 | D:6      | Found a burning altar of Makhleb.
  4463 | D:6      | Got an ancient whip
  4485 | D:6      | Reached XP level 8. HP: 74/84 MP: 8/8
  4621 | D:6      | Reached skill level 1 in Shields
  4686 | D:6      | Reached skill level 7 in Maces & Flails
  5582 | Temple   | Identified the +5,+8 whip of the Tomato {venom, rElec rPois MR+ Stlth--} (You found it on level 6 of the Dungeon)
  5800 | D:7      | Acquired Fedhas' second power
  5945 | D:7      | Reached skill level 8 in Maces & Flails
  5945 | D:7      | Reached skill level 5 in Stealth
  5945 | D:7      | Reached skill level 1 in Evocations
  6063 | D:7      | Reached skill level 1 in Invocations
  6259 | D:7      | Noticed Pikel
  6271 | D:7      | Killed Pikel
  6271 | D:7      | Reached XP level 9. HP: 90/93 MP: 9/11
  7357 | D:7      | Acquired Fedhas' third power
  7475 | D:8      | Found a sand-covered staircase.
  7483 | Ossuary  | Entered an ossuary
  7588 | Ossuary  | Reached skill level 9 in Maces & Flails
  8669 | D:8      | Paralysed by a giant eyeball for 2 turns
  8785 | D:8      | Reached skill level 5 in Throwing
  9152 | D:8      | Reached skill level 5 in Shields
  9225 | D:8      | Found a blossoming altar of Fedhas.
  9343 | D:9      | Noticed ciphuk's ghost (experienced MfDK)
  9356 | D:9      | Killed ciphuk's ghost
  9356 | D:9      | Reached XP level 10. HP: 96/104 MP: 11/14
  9379 | D:9      | Found a shadowy altar of Dithmenos.
  9600 | D:9      | Found a shimmering altar of Xom.
  9601 | D:9      | Found a burning altar of Makhleb.
 10107 | D:9      | Noticed a salamander
 10199 | D:9      | Killed an octopode
 10496 | D:9      | Found a staircase to the Lair.
 11031 | Lair:1   | Entered Level 1 of the Lair of Beasts
 11031 | Lair:1   | Noticed a seven-headed hydra
 11036 | Lair:1   | Killed a seven-headed hydra
 11371 | Lair:1   | Reached XP level 11. HP: 89/111 MP: 15/15
 11376 | Lair:1   | Reached skill level 10 in Shields
 12191 | Lair:1   | You fall through a shaft!
 12614 | Lair:1   | Acquired Fedhas' fourth power
 13340 | Lair:2   | Reached skill level 11 in Shields
 13423 | Lair:2   | Reached skill level 10 in Maces & Flails
 15070 | Lair:3   | Found a staircase to the Snake Pit.
 15313 | Lair:3   | Found a burning altar of Makhleb.
 15320 | Lair:3   | Noticed a death yak
 15321 | Lair:3   | Noticed a death yak
 15321 | Lair:3   | Noticed a death yak
 15338 | Lair:3   | Killed a death yak
 15338 | Lair:3   | Reached skill level 12 in Maces & Flails
 15345 | Lair:3   | Killed a death yak
 15351 | Lair:3   | Killed a death yak
 15351 | Lair:3   | Reached skill level 13 in Maces & Flails
 15352 | Lair:3   | Reached XP level 12. HP: 42/119 MP: 13/17
 15886 | Lair:3   | Noticed a seven-headed hydra
 15903 | Lair:3   | Killed a seven-headed hydra
 15903 | Lair:3   | Reached skill level 14 in Maces & Flails
 15904 | Lair:3   | Acquired Fedhas' fifth power
 16850 | Lair:4   | Found an iron altar of Okawaru.
 16888 | Lair:4   | Reached skill level 15 in Maces & Flails
 17282 | Lair:4   | Noticed Maud
 17315 | Lair:4   | Killed Maud
 17361 | Lair:4   | Noticed a six-headed hydra
 17361 | Lair:4   | Reached skill level 10 in Fighting
 17373 | Lair:4   | Killed a six-headed hydra
 17915 | Lair:2   | Upgraded the game from 0.14.0-24-gfb45beb to 0.14.0-25-g43f8a4e
 18012 | Lair:5   | Found a labyrinth entrance.
 18067 | Lab      | Entered a labyrinth
 18253 | Lab      | Noticed a minotaur
 18271 | Lab      | Killed a minotaur
 18273 | Lab      | Identified the Collected Works on Poisoning
 18273 | Lab      | Identified the Compendium of Creation
 18274 | Lab      | Got a fine war axe
 18274 | Lab      | Got a heavily runed large shield
 18298 | Lab      | Identified the +1 large shield "Teobb" {rElec rF+} (You found it in a labyrinth)
 18379 | Lair:2   | Identified the +7,+10 war axe of Duty {chop, rElec} (You found it in a labyrinth)
 18419 | Lair:2   | Identified a +2 rod of clouds (12/12) (You found it in a labyrinth)
 19039 | Lair:5   | Reached XP level 13. HP: 116/139 MP: 19/20
 19558 | Lair:5   | Found a staircase to the Swamp.
 19708 | Lair:5   | Reached skill level 5 in Evocations
 20158 | Lair:6   | Noticed Rupert
 20168 | Lair:6   | Noticed Erica
 20173 | Lair:6   | Killed Rupert
 20181 | Lair:6   | Killed Erica
 20276 | Lair:6   | Noticed Nergalle
 20304 | Lair:6   | Killed Nergalle
 20562 | Lair:6   | Got a polished spear
 20563 | Lair:6   | Identified the +5,+7 spear of Aciuc {flame, +Fly rElec MR+} (You found it on level 6 of the Lair of Beasts)
 22128 | Lair:8   | Entered Level 8 of the Lair of Beasts
 22187 | Lair:8   | Noticed an azure jelly
 22187 | Lair:8   | Noticed an azure jelly
 22188 | Lair:8   | Found a staircase to the Slime Pits.
 22222 | Lair:8   | Reached skill level 5 in Invocations
 22409 | Lair:8   | Reached skill level 5 in Dodging
 23095 | Lair:8   | Reached XP level 14. HP: 138/148 MP: 25/25
 23987 | Lair:2   | Learned a level 3 spell: Confuse
 24089 | D:10     | Entered Level 10 of the Dungeon
 24147 | D:10     | Found a staircase to the Orcish Mines.
 24261 | D:10     | Noticed Sonja
 24272 | D:10     | Killed Sonja
 24519 | D:10     | Noticed Joseph
 24535 | D:10     | Killed Joseph
 24535 | D:10     | Reached skill level 1 in Spellcasting
 24732 | D:10     | Noticed Psyche
 24753 | D:10     | Killed Psyche
 24826 | D:10     | Noticed 5ubbak's ghost (experienced OpVM)
 24836 | D:10     | Killed 5ubbak's ghost
 25362 | Orc:1    | Entered Level 1 of the Orcish Mines
 25533 | Orc:2    | Found a burning altar of Makhleb.
 25652 | Orc:2    | Found Plimna Raodgh's Antique Armour Boutique.
 25816 | Orc:1    | Found a flagged portal.
 25833 | Bailey   | Entered a bailey
 26214 | Bailey   | Got a crude steam dragon armour
 26231 | Bailey   | Identified the +4 steam dragon armour of a ziggurat {Int+3 Acc+2} (You found it in a bailey)
 26306 | Orc:1    | Noticed Erolcha
 26310 | Orc:1    | Killed Erolcha
 26694 | Orc:3    | Reached skill level 1 in Hexes
 27603 | Orc:4    | Entered Level 4 of the Orcish Mines
 27738 | Orc:4    | Found a staircase to the Elven Halls.
 28269 | Orc:4    | Found Grasehaq's Gadget Boutique.
 28269 | Orc:4    | Found Pleo's Antique Armour Shoppe.
 28573 | Orc:4    | Found a roughly hewn altar of Beogh.
 28647 | Orc:4    | Found Muogar's Distillery.
 28647 | Orc:4    | Found Frarolan's Gadget Shoppe.
 28727 | Orc:4    | Bought a potion of mutation for 27 gold pieces
 29008 | Orc:4    | Noticed an orc warlord
 29051 | Orc:4    | Killed an orc warlord
 29514 | Orc:3    | Found a roughly hewn altar of Beogh.
 30127 | D:11     | Found a portal to a secret trove of treasure.
 30514 | D:12     | Found Xiab's Antique Weapon Emporium.
 30862 | Lair:2   | Learned a level 4 spell: Enslavement
 30862 | Lair:2   | Upgraded the game from 0.14.0-25-g43f8a4e to 0.14.0-26-g1682e81
 31127 | D:12     | Reached skill level 5 in Spellcasting
 31182 | D:12     | Found Wiafit's Antique Weapon Shop.
 32069 | D:13     | Reached XP level 15. HP: 156/156 MP: 25/27
 32140 | D:13     | Found a gate to the Vaults.
 32798 | D:13     | Found Trotaor's Distillery.
 32954 | D:13     | Bought a potion of experience for 750 gold pieces
 32955 | D:13     | Reached XP level 16. HP: 152/165 MP: 28/28
 33922 | D:14     | Got an ichor-stained morningstar
 33923 | D:14     | Identified the +5,+3 morningstar "Imusuomn" {holy, rElec rN+ Dex+1 SInv} (You found it on level 14 of the Dungeon)
 34612 | D:14     | Found a basalt altar of Yredelemnul.
 34666 | D:14     | Found Frekh's Gadget Shoppe.
 34824 | D:14     | Identified a scroll of acquirement
 34846 | D:15     | Entered Level 15 of the Dungeon
 35352 | D:15     | Found Viacigoc's General Store.
 35355 | D:15     | Bought a scroll of teleportation for 42 gold pieces
 35927 | D:15     | Found a staircase to the Depths.
 36217 | Depths:1 | Entered Level 1 of the Depths
 36289 | Depths:1 | Reached skill level 15 in Shields
 36343 | Depths:1 | Reached skill level 5 in Hexes
 36540 | Depths:1 | Found a magical portal.
 36549 | WizLab   | Entered a wizard's laboratory
 37481 | WizLab   | Noticed Theesio
 37503 | WizLab   | Killed Theesio the Cloud Mage
 37663 | WizLab   | Got a wavering marble ring
 37672 | WizLab   | Got a twitching glass ring
 37678 | WizLab   | Identified the ring "Ghoev" {Str+5 Int+5 SInv} (You found it in a wizard's laboratory)
 37679 | WizLab   | Identified the ring "Arrucaus" {+Inv rC+ MR+ SInv} (You found it in a wizard's laboratory)
 37710 | WizLab   | Identified the Disquisition on Flight and Conjuration
 37717 | WizLab   | Identified the Grimoire of Flight and Conjuration (You found it in a wizard's laboratory)
 37775 | WizLab   | Learned a level 2 spell: Blink
 38604 | Lair:2   | Learned a level 2 spell: Swiftness
 38608 | Lair:2   | Learned a level 3 spell: Portal Projectile
 38611 | Lair:2   | Learned a level 2 spell: Repel Missiles
 38694 | Swamp:1  | Entered Level 1 of the Swamp
 38697 | Swamp:1  | Noticed Agnes
 38712 | Swamp:1  | Killed Agnes
 38856 | Swamp:1  | Reached skill level 1 in Translocations
 39069 | Swamp:1  | Reached XP level 17. HP: 138/172 MP: 31/31
 39459 | Swamp:1  | Reached skill level 1 in Charms
 39850 | Swamp:2  | Reached skill level 1 in Air Magic
 40644 | Swamp:2  | Found a deep blue altar of Sif Muna.
 41091 | Swamp:3  | Got an ichor-stained blowgun
 41092 | Swamp:3  | Identified the +4 blowgun of Ruataff {speed, +Blink} (You found it on level 3 of the Swamp)
 41874 | Lair:2   | Learned a level 2 spell: Shroud of Golubria
 43122 | Swamp:4  | HP: 3/172 [alligator (20)]
 44968 | Swamp:5  | Entered Level 5 of the Swamp
 45871 | Swamp:5  | Reached skill level 10 in Throwing
 46125 | Swamp:5  | Noticed the 27-headed Lernaean hydra
 46132 | Swamp:5  | Killed the 27-headed Lernaean hydra
 46132 | Swamp:5  | Reached XP level 18. HP: 49/182 MP: 29/34
 46930 | Swamp:5  | Got a decaying rune of Zot
 47471 | Swamp:5  | Was placed under penance by Fedhas
 48708 | Snake:1  | Entered Level 1 of the Snake Pit
 48790 | Snake:1  | Reached skill level 10 in Spellcasting
 49322 | Snake:1  | Was forgiven by Fedhas
 50496 | Snake:2  | Noticed Roxanne
 50519 | Snake:2  | Reached skill level 5 in Translocations
 50798 | Snake:2  | Killed Roxanne
 50800 | Snake:2  | Identified Roxanne's Handbook of Unstable Earth (You took it off Roxanne on level 2 of the Snake Pit)
 51305 | Snake:3  | Noticed Vashnia
 52143 | Snake:3  | Noticed Kirke
 52171 | Snake:3  | Killed Kirke
 52171 | Snake:3  | Reached skill level 16 in Maces & Flails
 52199 | Snake:3  | Noticed Aizul
 52808 | Lair:2   | Learned a level 5 spell: Silence
 53046 | Vaults:1 | Entered Level 1 of the Vaults
 53064 | Vaults:1 | Found Viocvi's Gadget Boutique.
 53576 | Vaults:1 | Reached XP level 19. HP: 189/189 MP: 36/36
 55494 | Vaults:1 | Reached skill level 5 in Air Magic
 57261 | Vaults:1 | Noticed Wiglaf
 57277 | Vaults:1 | Killed Wiglaf
 58331 | Vaults:2 | Found Qiuruir's Weapon Shoppe.
 59330 | Vaults:2 | Reached XP level 20. HP: 84/197 MP: 29/38
 59658 | Vaults:2 | Paralysed by a sphinx for 6 turns
 60034 | Vaults:2 | Got a fine crossbow
 60035 | Vaults:2 | Identified the cursed -2,-1 crossbow of the Puffin {penet, rN+ Int+4} (You found it on level 2 of the Vaults)
 60041 | Vaults:2 | Got a slimy crossbow
 60042 | Vaults:2 | Identified the +10,+8 crossbow "Disask" {venom, rElec rC+ MR+} (You found it on level 2 of the Vaults)
 60171 | Vaults:2 | Reached skill level 10 in Evocations
 62001 | Lair:2   | Learned a level 6 spell: Mass Confusion
 62189 | Elf:1    | Entered Level 1 of the Elven Halls
 62374 | Elf:1    | Found Cuacic's Weapon Shop.
 63683 | Elf:2    | Found a deep blue altar of Sif Muna.
 63746 | Elf:2    | Identified the Volume of the Entourage
 64080 | Elf:2    | Got a twisted shield
 64095 | Elf:2    | Identified the cursed +3 shield of the Slug {Str+1 Int+4} (You found it on level 2 of the Elven Halls)
 64745 | Elf:2    | Got a sparkling ruby amulet
 65207 | Elf:2    | Learned a level 4 spell: Summon Guardian Golem
 65370 | Elf:3    | Entered Level 3 of the Elven Halls
 65471 | Elf:3    | Found Goqum's Antique Armour Shoppe.
 65935 | Elf:3    | Noticed Norris
 65977 | Elf:3    | Killed Norris
 66021 | Elf:3    | HP: 4/201 [disintegration[a deep elf demonologist] (55)]
 66597 | Elf:3    | Reached skill level 10 in Hexes
 66597 | Elf:3    | Reached XP level 21. HP: 171/210 MP: 39/39
 66854 | Elf:3    | Noticed hurdos' ghost (powerful HOBe)
 66873 | Elf:3    | Killed hurdos' ghost
 67068 | Elf:3    | Cast into the Abyss (chaos spawn)
 67402 | Elf:3    | Escaped the Abyss
 67483 | Elf:3    | Got a warped tin amulet
 67613 | Elf:3    | Got a fine cloak
 67616 | Elf:3    | Identified the cursed -5 cloak "Qucsuogu" {rF++} (You found it on level 3 of the Elven Halls)
 67625 | Elf:3    | Got a polished cloak
 67628 | Elf:3    | Identified the cursed +0 cloak of Love and Death {Str+2} (You found it on level 3 of the Elven Halls)
 67926 | Lair:2   | Identified the amulet "Uxereer" {Ward +Rage rF++ Dex-2 Int-1} (You took it off a vampire mage on level 2 of the Elven Halls)
 67926 | Lair:2   | Identified the amulet of Smaofuph {Faith Contam +Rage} (You took it off an orc high priest on level 3 of the Elven Halls)
 68223 | Elf:3    | Identified the Handbook of Feathery Companions
 68262 | Elf:3    | Got a twisted sling
 68263 | Elf:3    | Identified the +4,+4 sling of the Boar {speed, Dex+4} (You found it on level 3 of the Elven Halls)
 68741 | Trove    | Entered a treasure trove
 68748 | Trove    | Got a crude gold dragon armour
 68788 | Trove    | Got a jewelled hat
 68791 | Trove    | Identified the +0 hat "Imewidol" {Str-3} (You found it in a treasure trove)
 68813 | Trove    | Got an ancient robe
 68822 | Trove    | Identified the +0 robe of Lepret {rF+ rN+ Stlth++} (You found it in a treasure trove)
 68837 | Trove    | Identified the cursed -2 gold dragon armour "Esoghen" {rPois rF+ rC+ Str-3 Dex-4} (You found it in a treasure trove)
 68861 | Trove    | Got a steaming cloak
 68865 | Trove    | Identified the +5 cloak "Fawenlue" {Int+2 Dam+5} (You found it in a treasure trove)
 68867 | Trove    | Got a warped cloak
 68871 | Trove    | Identified the -4 cloak of Noon {MR+} (You found it in a treasure trove)
 68878 | Trove    | Got a slimy troll leather armour
 68900 | Trove    | Identified the cursed +3 troll leather armour of Vablyere {Dex+3 Dam+4 Stlth} (You found it in a treasure trove)
 69294 | Snake:3  | Killed Vashnia
 69355 | Snake:3  | Killed Aizul
 69574 | Snake:3  | Noticed Louise
 69604 | Snake:3  | Killed Louise
 70640 | Snake:4  | Found Soevomeh's Weapon Shop.
 71118 | Snake:5  | Entered Level 5 of the Snake Pit
 71658 | Snake:5  | Noticed Asterion
 71670 | Snake:5  | Killed Asterion
 71691 | Snake:5  | Reached skill level 1 in Summonings
 71805 | Snake:5  | Got a crystal giant spiked club
 71814 | Snake:5  | Identified the +6,+10 giant spiked club of the Blowfly {elec, rN+} (You acquired it on level 5 of the Snake Pit)
 73412 | Snake:5  | Noticed Donald
 73450 | Snake:5  | Killed Donald
 73450 | Snake:5  | Reached XP level 22. HP: 121/224 MP: 26/39
 73799 | Snake:5  | Got a serpentine rune of Zot
 74708 | Depths:1 | Found a gateway to Hell.
 74834 | Depths:1 | Noticed a lich
 74867 | Depths:1 | Killed a lich
 75349 | Depths:1 | Reached skill level 15 in Fighting
 77101 | Vaults:3 | Noticed Jorgrun
 77107 | Vaults:3 | Reached skill level 10 in Invocations
 77117 | Vaults:3 | Noticed Margery
 77219 | Vaults:3 | Noticed Frederick
 77243 | Vaults:3 | Killed Frederick
 77253 | Vaults:3 | Found a flickering gateway to a bazaar.
 77267 | Bazaar   | Entered a bazaar
 77267 | Bazaar   | Found Tiydd's Distillery.
 77267 | Bazaar   | Found Keakis' Jewellery Shop.
 77267 | Bazaar   | Found Erydak's Book Shoppe.
 77268 | Bazaar   | Found Wekoniaf's Magic Scroll Shoppe.
 77270 | Bazaar   | Found Xamus' Distillery.
 77271 | Bazaar   | Bought 2 potions of heal wounds for 66 gold pieces
 77278 | Bazaar   | Found Shria's Antique Weapon Shop.
 77283 | Bazaar   | Bought a potion of paralysis for 11 gold pieces
 77301 | Bazaar   | Keakis' Jewellery Shop was a mimic.
 77566 | Vaults:3 | Reached skill level 10 in Stealth
 77927 | Vaults:3 | Killed Jorgrun
 78794 | Vaults:3 | Found a staircase to the Crypt.
 78800 | Crypt:1  | Entered Level 1 of the Crypt
 79537 | Crypt:1  | Reached XP level 23. HP: 223/235 MP: 40/40
 80568 | Lair:2   | Learned a level 5 spell: Phase Shift
 81315 | Crypt:2  | Noticed Xtahua
 81329 | Crypt:2  | Killed Xtahua
 82316 | Crypt:3  | You fall through a shaft!
 82327 | Crypt:3  | Reached skill level 5 in Summonings
 83037 | Crypt:3  | Found a staircase to the Tomb.
 85483 | Crypt:5  | Entered Level 5 of the Crypt
 85714 | Crypt:5  | Reached XP level 24. HP: 198/248 MP: 39/40
 85841 | Crypt:5  | Reached skill level 17 in Fighting
 85927 | Crypt:5  | Found a basalt altar of Yredelemnul.
 85927 | Crypt:5  | Noticed an ancient lich
 85938 | Crypt:5  | Killed an ancient lich
 86395 | Crypt:5  | Paralysed by a vampire knight for 2 turns
 86619 | Crypt:5  | Got a smoking ivory ring
 86619 | Crypt:5  | Got a crude turquoise ring
 86630 | Crypt:5  | Identified the ring "Acouca" {+Blink rN+} (You found it on level 5 of the Crypt)
 87496 | Lair:2   | Identified the ring "Uceesch" {+Blink rF+ rC+ rN+ Int+2} (You found it on level 5 of the Crypt)
 87961 | Vaults:3 | Killed Margery
 88470 | Vaults:4 | Found a staircase to the Hall of Blades.
 88603 | Vaults:4 | Paralysed by a red wasp for 3 turns
 89264 | Vaults:5 | Entered Level 5 of the Vaults
 89279 | Vaults:5 | Noticed an ancient lich
 89561 | Vaults:5 | Reached XP level 25. HP: 81/261 MP: 17/41
 89579 | Vaults:5 | HP: 4/261 [titan/the air (13)]
 90243 | Depths:2 | Reached skill level 18 in Fighting
 90674 | Depths:2 | Noticed Mara
 90689 | Depths:2 | Noticed Indrah22's illusion
 90716 | Depths:2 | Killed Mara
 91012 | Depths:2 | Reached skill level 10 in Dodging
 91837 | Depths:3 | Identified a +1 cloak of preservation (You acquired it on level 3 of the Depths)
 92597 | Depths:3 | Learned a level 5 spell: Metabolic Englaciation
 92793 | Depths:3 | Found a gateway to a ziggurat.
 92913 | Depths:3 | Found a one-way gate leading to the halls of Pandemonium.
 94437 | Vaults:5 | Killed from afar by an iron dragon

Action                   |  1- 3 |  4- 6 |  7- 9 | 10-12 | 13-15 | 16-18 | 19-21 | 22-24 | 25-27 || total
-------------------------+-------+-------+-------+-------+-------+-------+-------+-------+-------++-------
Melee: Club              |   219 |       |       |       |       |       |       |       |       ||   219
       Mace              |    14 |   161 |   644 |   114 |       |       |       |       |       ||   933
       Whip              |       |       |    30 |   822 |  1374 |   203 |       |       |       ||  2429
       Flail             |       |       |       |       |   235 |    11 |       |       |       ||   246
       Spear             |       |       |       |       |     3 |       |       |       |       ||     3
       Morningstar       |       |       |       |       |       |  2191 |  1635 |  1119 |    10 ||  4955
       Rod               |       |       |       |       |       |    48 |    51 |     1 |     1 ||   101
       Giant spiked club |       |       |       |       |       |       |    11 |    31 |       ||    42
       Demon whip        |       |       |       |       |       |       |       |   539 |   611 ||  1150
 Fire: Blowgun           |    19 |    53 |    78 |   120 |   277 |    65 |   133 |       |       ||   745
       Sling             |       |       |    21 |     4 |       |       |       |       |       ||    25
Throw: Dart              |     8 |    25 |    11 |       |       |       |       |       |       ||    44
       Stone             |     1 |       |       |       |       |       |       |       |       ||     1
       Tomahawk          |       |     2 |    37 |    38 |    62 |       |       |       |       ||   139
       Large rock        |       |       |       |       |    22 |    44 |   211 |   130 |     9 ||   416
       Javelin           |       |       |       |       |       |       |    52 |    58 |     4 ||   114
 Cast: Enslavement       |       |       |       |       |     3 |    49 |    56 |    19 |    17 ||   144
       Confuse           |       |       |       |       |     1 |     8 |    12 |     4 |       ||    25
       Shroud of Golubri |       |       |       |       |       |    30 |    49 |    30 |    16 ||   125
       Repel Missiles    |       |       |       |       |       |     3 |     8 |     3 |       ||    14
       Portal Projectile |       |       |       |       |       |     2 |     9 |     6 |       ||    17
       Blink             |       |       |       |       |       |       |     4 |     6 |     4 ||    14
       Swiftness         |       |       |       |       |       |       |     3 |       |       ||     3
       Summon Guardian G |       |       |       |       |       |       |     2 |    12 |     4 ||    18
       Mass Confusion    |       |       |       |       |       |       |     1 |    10 |     3 ||    14
       Silence           |       |       |       |       |       |       |       |     2 |     1 ||     3
       Phase Shift       |       |       |       |       |       |       |       |    35 |    22 ||    57
       Metabolic Englaci |       |       |       |       |       |       |       |       |     2 ||     2
Invok: Evolution         |       |       |     3 |     7 |    17 |    46 |    43 |    18 |    10 ||   144
       Sunlight          |       |       |    12 |    11 |    10 |     2 |       |       |       ||    35
       Reproduction      |       |       |       |     1 |       |     1 |       |     2 |       ||     4
 Abil: Evoke Invisibilit |       |       |       |       |       |     1 |     1 |     1 |       ||     3
Evoke: Wand              |       |       |    15 |    16 |     7 |    13 |    29 |    15 |     2 ||    97
       Rod               |       |       |       |     8 |    77 |    98 |    89 |    63 |     7 ||   342
       Sack of spiders   |       |       |       |       |       |       |       |     1 |     1 ||     2
       Disc of storms    |       |       |       |       |       |       |       |       |     2 ||     2
  Use: Scroll            |     4 |     2 |    22 |    12 |    12 |    21 |    25 |    29 |     9 ||   136
       Potion            |       |       |     4 |     7 |     3 |    19 |    11 |    15 |     8 ||    67
 Stab: Sleeping          |     3 |     2 |     6 |       |     3 |     5 |     4 |    17 |     3 ||    43
       Confused          |       |       |       |     1 |     4 |     5 |    16 |     8 |     1 ||    35
       Distracted        |       |       |       |       |     2 |     5 |     8 |     8 |     1 ||    24
